 Dungeon Crawl Stone Soup version 0.22.0-5-gf09313c (webtiles) character file.

75 Gravenous the Poker (level 4, 0/37 HPs)
             Began as a Merfolk Abyssal Knight on Aug 13, 2018.
             Was a Follower of Lugonu.
             Killed from afar by Ijyb (17 damage)
             ... with a wand of acid (11)
             ... on level 3 of the Dungeon.
             The game lasted 00:02:07 (2220 turns).

Gravenous the Poker (Merfolk Abyssal Knight)        Turns: 2220, Time: 00:02:08

Health: 0/37       AC:  0    Str: 12    XL:     4   Next: 31%
Magic:  0/5        EV: 12    Int: 11    God:    Lugonu [*.....]
Gold:   190        SH:  3    Dex: 14    Spells: 3/3 levels left

rFire    . . .     SeeInvis .   a - +1 spear
rCold    . . .     Gourm    .   m - +0 buckler
rNeg     . . .     Faith    .   b - +0 leather armour
rPois    .         Spirit   +   (no helmet)
rElec    .         Reflect  .   (no cloak)
rCorr    .         Harm     .   (no gloves)
MR       .....                  (no boots)
Stlth    +.........             k - amulet of guardian spirit
HPRegen  0.12/turn              (no ring)
MPRegen  0.09/turn              (no ring)

@: corroded
A: change form in water, swift swim, stealthy swim
a: Depart the Abyss, Renounce Religion


You were on level 3 of the Dungeon.
You worshipped Lugonu.
Lugonu was aware of your devotion.
You were very hungry.

You visited 1 branch of the dungeon, and saw 3 of its levels.
You visited the Abyss 1 time.

You collected 190 gold pieces.

Inventory:

Hand Weapons
 a - a +1 spear (weapon)
Missiles
 p - a throwing net (quivered)
Armour
 b - a +0 leather armour (worn)
 m - a +0 buckler (worn)
Jewellery
 k - an amulet of guardian spirit (around neck)
 o - a +5 ring of dexterity {unknown}
Wands
 n - a wand of digging (22)
Scrolls
 d - 2 scrolls of blinking {unknown}
 e - 4 scrolls of enchant armour {unknown}
 f - a scroll of teleportation {unknown}
 g - a scroll of fog {unknown}
 j - a scroll of noise {unknown}
 l - 4 scrolls of identify {unknown}
 r - a scroll of remove curse {unknown}
Potions
 h - a potion of resistance {unknown}
 i - 2 potions of curing {unknown}
 q - a potion of lignification {unknown}
Comestibles
 c - 4 rations


   Skills:
 + Level 3.8 Fighting
 * Level 4.6 Polearms
 - Level 0.6 Armour
 + Level 3.4 Dodging
 + Level 0.7 Shields
 + Level 2.6 Invocations


You had 3 spell levels left.
You didn't know any spells.
Your spell library was empty.

Dungeon Overview and Level Annotations

Branches:
Dungeon (3/15)

Altars:

Annotations:
D:3 Ijyb


Message History

Ijyb the Twisted Goblin comes into view.
She is wielding a club.
A goblin comes into view. It is wielding a dagger.
The goblin shouts!
Found a ration.
Attack whom?
Press: ? - help, Dir - move target cursor, f - Ijyb
Aim: Ijyb, wielding a club and wearing a leather armour You reach to attack!
You barely miss Ijyb. You barely miss Ijyb. You block Ijyb's attack.
You hit Ijyb.
Ijyb is moderately wounded.
Ijyb misses you.
You barely miss Ijyb.
Ijyb is lightly wounded.
Ijyb zaps a wand.
The bolt of acid hits you! The acid corrodes you!
You are splashed with acid!
The acid burns!
It is a wand of acid (11).
You are too injured to fight recklessly!
You are too injured to fight recklessly!
Ijyb zaps a wand.
The bolt of acid hits you!
You die...

#.............# #....#
#.............# ######
###.............# .
..<.............# ..
###.............# ..#
#############.# ...% #####.#
.....
###########.....######......
................@.gg........
##########......######......
#######.###.# .....
#...........# ....
#.######<#### ... #.# #.# ##
#.# #.# #.# #.# #.#
###.#########


You could see Ijyb and a goblin.

Vanquished Creatures
  4 gnolls (D:2)
  A leopard gecko (D:1)
  4 giant cockroaches
  2 goblins
  4 hobgoblins
  4 jackals (D:1)
  3 bats
  4 frilled lizards
  A jackal zombie (D:2)
  4 kobolds
  4 rats
35 creatures vanquished.

Notes
Turn   | Place    | Note
-------+----------+-------------------------------------------
     0 | Abyss:1  | Gravenous the Merfolk Abyssal Knight began the quest for the Orb.
     0 | Abyss:1  | Reached XP level 1. HP: 18/18 MP: 2/2
    70 | Abyss:1  | Found a corrupted altar of Lugonu.
    99 | Abyss:1  | Noticed an ancient zyme
   116 | D:1      | Escaped the Abyss
   224 | D:1      | Reached * piety under Lugonu
   253 | D:1      | Reached XP level 2. HP: 24/24 MP: 3/3
  1303 | D:2      | Reached XP level 3. HP: 27/29 MP: 4/4
  1324 | D:2      | Reached skill level 4 in Polearms
  1606 | D:2      | Reached XP level 4. HP: 17/37 MP: 2/5
  2209 | D:3      | Noticed Ijyb
  2220 | D:3      | Killed from afar by Ijyb

Skill      XL: |  1  2  3 |
---------------+----------+-----
Dodging        | 3 |  3.4
Polearms       | 4 |  4.6
Fighting       | |  3.8
Armour         | |  0.6
Shields        | |  0.7
Invocations    | |  2.6

Action                   |  1- 3 |  4- 6 || total
-------------------------+-------+-------++-------
Melee: Spear             |   128 |    41 ||   169
Invok: Depart the Abyss  |     1 |       ||     1
 Stab: Sleeping          |     3 |       ||     3
  Eat: Chunk             |     2 |     1 ||     3
Armor: Leather armour    |    30 |     7 ||    37
Dodge: Dodged            |    57 |    17 ||    74
Block: Buckler           |     3 |     7 ||    10
